 Dungeon Crawl Stone Soup version 0.17.1-3-g152610e (webtiles) character file.

18 ololoev the Skirmisher (level 2, 1/24 HPs)
             Began as a Demonspawn Fighter on Mar 22, 2016.
             Quit the game on level 3 of the Dungeon.
             The game lasted 00:02:01 (257 turns).

ololoev the Skirmisher (Demonspawn Fighter)          Turns: 257, Time: 00:02:01

Health: 1/24       AC:  9    Str: 16    XL:     2   Next: 48%
Magic:  2/2        EV:  4    Int:  9    God:
Gold:   97         SH:  8    Dex: 12    Spells: 0 memorised, 1 level left

rFire  . . .     SeeInvis .     a - +0 war axe
rCold  . . .     Clarity  .     h - +0 chain mail
rNeg   . . .     SustAt   .     c - +0 shield
rPois  .         Gourm    .     (no helmet)
rElec  .         Spirit   .     (no cloak)
rCorr  .         Warding  .     (no gloves)
rMut   .         Stasis   .     (no boots)
MR     .....                    (no amulet)
Stlth  ..........               (no ring)
                                (no ring)

@: lethally poisoned (1 -> -14), not resistant to hostile enchantments,
extremely unstealthy
A: nightstalker 1
a: no special abilities


Innate Abilities, Weirdness & Mutations

You are slightly more attuned to the shadows.

Inventory:

Hand Weapons
 a - a +0 war axe (weapon)
Armour
 c - a +0 shield (worn)
 h - a +0 chain mail (worn)
Scrolls
 b - a scroll of remove curse {unknown}
 f - a scroll of amnesia {unknown}
 i - a scroll of enchant armour {unknown}
Potions
 d - a potion of might
Comestibles
 e - a bread ration


   Skills:
 - Level 3.0 Fighting
 * Level 2.6 Axes
 + Level 2.9 Armour
 - Level 2.6 Shields


You had one spell level left.
You didn't know any spells.


You were on level 3 of the Dungeon.
You were not hungry.

You visited 1 branch of the dungeon, and saw 3 of its levels.

You collected 97 gold pieces.

###.# ###.#.##
#.......# ..#
#......###.....#....
#.#............####.
.......#.#.....##
#.#......#........
#.#.#........#####
#.#.##.###.###
#......# #.#
###@#### #.# #..S..#
#.# #.....# #.#
#.....# #.# #.....#
#.....# #######

Notes
Turn   | Place    | Note
--------------------------------------------------------------
     0 | D:1      | ololoev the Demonspawn Fighter began the quest for the Orb.
     0 | D:1      | Reached XP level 1. HP: 18/18 MP: 1/1
    59 | D:2      | Found an opulent altar of Gozag.
    60 | D:2      | Found a shimmering altar of Xom.
   220 | D:3      | Gained mutation: You are slightly more attuned to the shadows. [demonic ancestry]
   220 | D:3      | Reached XP level 2. HP: 14/24 MP: 2/2
   256 | D:3      | HP: 1/24 [poison (a potion of poison)]
   257 | D:3      | Quit the game

Dungeon Overview and Level Annotations

Branches:
Dungeon (3/15)

Altars:
Gozag
Xom


Message History

The adder is almost dead.
The adder bites you but does no damage. The adder bites you.
You are poisoned.
The adder poisons you!
You hit the adder.
You kill the adder!
You feel sick.
You now have 76 gold pieces (gained 17).
You feel sick.
Found a scroll labeled WOAKOU PYHEA.
You now have 86 gold pieces (gained 10).
You feel sick.
You now have 97 gold pieces (gained 11).
You feel sick.
You are no longer poisoned.
i - a scroll labeled WOAKOU PYHEA An adder comes into view.
The adder bites you but does no damage. You block the adder's attack.
You closely miss the adder. You block the adder's attack.
You closely miss the adder. You block the adder's attack.
You block the adder's attack.
Your shield and chain mail prevent you from hitting the adder.
You block the adder's attack. x2
You closely miss the adder. You block the adder's attack.
The adder completely misses you.
You miss the adder. The adder bites you.
You are poisoned.
The adder poisons you!
You miss the adder.
You feel sick. The adder barely misses you. You block the adder's attack.
You closely miss the adder.
You feel sick. You block the adder's attack.
The adder bites you but does no damage.
Drink which item? (? for menu, Esc to quit)
It was a potion of poison.
That liquid tasted very nasty...
You are lethally poisoned!
You feel sick. The adder bites you but does no damage.
You barely miss the adder.
You feel sick. You block the adder's attack. You block the adder's attack.
Are you sure you want to abandon this character and quit the game? (Confirm with "yes".)

You could see an adder.

Vanquished Creatures
  An adder (D:3)
  A giant gecko (D:3)
  A hobgoblin (D:3)
  A quokka (D:2)
  A giant newt (D:3)
  3 kobolds
  A rat (D:1)
9 creatures vanquished.

Action                   || total
-------------------------++-------
Melee: War axe           ||    40
  Use: Potion            ||     1

Vault maps used:
D:1:      onia_arrival_mini_spirals
D:2:      grunt_temple_overflow_open, minmay_misc_feat_roman, uniq_jessica
D:3:      first_bread
